Map: [ESL] Data-C

Players

Nina

  • Race: Protoss Protoss
  • Spawn Location: 9:00

Astrea - Winner!

  • Race: Protoss Protoss
  • Spawn Location: 3:00

Event: DreamHack SC2 Masters 2022 Atlanta (Online)

VOD

Have the link to the VOD?

Description

Time

  • Played on: Oct. 8, 2022, 4:54 p.m.
  • Length: 15:21

All games in this series

Show
View Real Time Build Order
Export as new Build Order

Nina Protoss 

Build Orders: Blink Stalkers 

Get SALT Encoding   

  12  0:00  Probe  
  13  0:12  Probe  
  14  0:18  Pylon  
  14  0:24  Probe  
  15  0:36  Probe (Chrono Boost)  
  15  0:38  Gateway  
  16  0:47  Probe (Chrono Boost)  
  17  0:52  Probe (Chrono Boost)  
  17  0:53  Assimilator  
  18  1:03  Probe  
  19  1:15  Probe  
  20  1:19  Assimilator  
  20  1:25  Pylon  
  20  1:27  Probe (Chrono Boost), Cybernetics Core  
  21  1:37  Probe (Chrono Boost)  
  22  1:42  Probe (Chrono Boost)  
  23  1:53  Probe  
  24  2:04  Stalker  
  24  2:05  Probe  
  27  2:19  Stargate  
  28  2:22  Pylon  
  28  2:26  Nexus  
  28  2:29  Probe  
  28  2:30  Warp Gate  
  28  2:35  Stalker (Chrono Boost)  
  30  2:46  Pylon  
  30  2:50  Probe  
  30  2:51  Twilight Council  
  31  2:58  Shield Battery  
  31  3:04  Probe  
  32  3:10  Gateway  
  32  3:15  Stalker  
  32  3:18  Probe  
  32  3:19  Blink (Chrono Boost)  
  35  3:30  Probe  
  36  3:40  Probe  
  37  3:44  Probe  
  38  3:52  Probe  
  38  3:55  Gateway  
  39  3:56  Probe  
  39  4:00  Pylon  
  40  4:04  Probe  
  40  4:08  Probe  
  42  4:16  Probe  
  41  4:19  Gateway, Stalker x2  
  41  4:23  Probe  
  46  4:28  Robotics Facility  
  46  4:29  Probe  
  47  4:34  Pylon  
  46  4:42  Probe (Chrono Boost), Stalker  
  46  4:44  Probe (Chrono Boost)  
  50  4:49  Stalker  
  53  4:53  Stalker  
  53  4:55  Probe (Chrono Boost)  
  53  4:56  Probe (Chrono Boost)  
  56  5:01  Probe  
  56  5:02  Shield Battery  
  56  5:03  Probe  
  56  5:05  Stalker  
  60  5:11  Pylon  
  60  5:14  Stalker  
  60  5:17  Stalker  
  64  5:21  Stalker  
  64  5:23  Observer (Chrono Boost)  
  64  5:24  Probe  
  64  5:26  Probe  
  69  5:39  Nexus  
  69  5:42  Pylon  
  69  5:43  Probe  
  69  5:45  Probe  
  69  5:49  Assimilator  
  71  5:50  Sentry  
  71  5:51  Sentry  
  71  5:55  Probe  
  76  5:59  Observer (Chrono Boost)  
  76  6:03  Probe  
  78  6:05  Forge  
  78  6:09  Assimilator  
  78  6:12  Pylon  
  78  6:18  Gateway  
  78  6:26  Pylon  
  78  6:30  Probe x2  
  80  6:37  Protoss Ground Weapons Level 1 (Chrono Boost)  
  80  6:38  Nexus  
  80  6:40  Pylon  
  80  6:42  Probe (Chrono Boost)  
  80  6:43  Stalker  
  80  6:45  Stalker  
  85  6:49  Stalker  
  85  6:53  Probe (Chrono Boost)  
  89  6:57  Probe (Chrono Boost)  
  89  6:58  Shield Battery  
  89  7:00  Probe (Chrono Boost)  
  90  7:02  Probe (Chrono Boost)  
  90  7:05  Probe (Chrono Boost)  
  89  7:09  Probe  
  89  7:14  Probe  
  89  7:15  Probe  
  89  7:19  Photon Cannon  
  89  7:21  Probe  
  89  7:22  Stalker  
  89  7:23  Stalker x2  
  97  7:30  Probe (Chrono Boost)  
  97  7:35  Photon Cannon  
  98  7:37  Probe (Chrono Boost)  
  98  7:39  Photon Cannon  
  98  7:43  Probe (Chrono Boost)  
  99  7:44  Probe (Chrono Boost)  
  99  7:47  Probe (Chrono Boost)  
  99  7:49  Probe (Chrono Boost)  
  99  7:55  Probe (Chrono Boost)  
  99  7:57  Probe (Chrono Boost)  
  102  8:00  Probe (Chrono Boost)  
  102  8:01  Stalker x2  
  102  8:03  Probe (Chrono Boost)  
  102  8:05  Probe (Chrono Boost)  
  106  8:06  Probe (Chrono Boost)  
  106  8:08  Probe (Chrono Boost)  
  106  8:10  Probe  
  106  8:11  Probe  
  105  8:14  Stalker x2  
  107  8:20  Probe  
  107  8:23  Probe  
  107  8:24  Probe  
  110  8:27  Shield Battery  
  110  8:28  Photon Cannon, Probe  
  110  8:31  Protoss Ground Weapons Level 2 (Chrono Boost)  
  110  8:32  Probe  
  112  8:36  Dark Shrine  
  112  8:37  Probe  
  113  8:42  Stalker x2  
  113  8:44  Stalker  
  119  8:53  Stalker  
  119  8:54  Observer (Chrono Boost)  
  119  8:55  Gateway  
  122  8:56  Probe  
  122  8:57  Probe x3  
  126  9:03  Gateway  
  126  9:08  Probe, Pylon  
  126  9:09  Probe  
  128  9:10  Observer  
  128  9:12  Stalker x2  
  128  9:15  Gateway  
  132  9:18  Gateway, Pylon  
  132  9:19  Pylon  
  132  9:20  Photon Cannon  
  132  9:22  Pylon  
  132  9:24  Pylon  
  132  9:27  Assimilator  
  132  9:28  Probe x2  
  132  9:29  Assimilator  
  132  9:30  Stalker  
  136  9:33  Stalker  
  136  9:37  Stalker  
  140  9:39  Robotics Bay  
  140  9:40  Probe x2  
  140  9:44  Stalker  
  145  9:53  Gateway  
  145  9:54  Dark Templar x2, Gateway  
  145  9:55  Pylon  
  145  9:56  Dark Templar  
  145  9:58  Dark Templar  
  152  10:04  Stalker  
  153  10:10  Observer  
  153  10:12  Stalker x2  
  158  10:15  Robotics Facility  
  158  10:19  Pylon  
  158  10:20  Pylon  
  158  10:22  Dark Templar  
  158  10:23  Assimilator  
  158  10:24  Assimilator  
  158  10:25  Photon Cannon  
  158  10:27  Zealot x3  
  166  10:35  Disruptor  
  169  10:41  Zealot  
  169  10:42  Photon Cannon  
  167  10:43  Nexus  
  167  10:49  Pylon  
  167  10:52  Pylon  
  167  10:56  Dark Templar x2  
  167  10:58  Zealot x3  
  170  11:09  Robotics Facility  
  170  11:10  Photon Cannon  
  173  11:13  Observer, Probe  
  173  11:17  Disruptor (Chrono Boost), Dark Templar  
  176  11:20  Disruptor (Chrono Boost)  
  176  11:23  Nexus  
  176  11:25  Pylon  
  179  11:27  Photon Cannon  
  179  11:28  Photon Cannon  
  179  11:29  Nexus  
  179  11:31  Stalker  
  179  11:32  Stalker x3  
  186  11:36  Stalker x2  
  188  11:43  Stalker x2  
  188  11:44  Stalker  
  188  11:46  Disruptor  
  194  11:52  Dark Templar  
  194  11:53  Photon Cannon  
  196  11:56  Probe  
  196  11:57  Photon Cannon  
  171  12:12  Disruptor (Chrono Boost), Zealot x8  
  166  12:16  Disruptor (Chrono Boost)  
  166  12:20  Stalker  
  158  12:28  Shield Battery  
  158  12:29  Stalker  
  160  12:30  Charge  
  160  12:34  Disruptor (Chrono Boost)  
  160  12:35  Zealot x3  
  167  12:40  Stalker x3  
  173  12:45  Probe  
  173  12:48  Photon Cannon, Probe x3  
  173  12:49  Photon Cannon  
  173  12:50  Dark Templar  
  179  12:52  Assimilator  
  179  12:54  Disruptor  
  179  12:57  Probe  
  183  13:05  Disruptor  
  183  13:09  Disruptor  
  180  13:14  Stalker x2  
  163  13:21  Stalker x2  
  163  13:22  Stalker  
  147  13:32  Stalker x2  
  147  13:33  Zealot x3  
  141  13:37  Zealot x2  
  141  13:39  Disruptor (Chrono Boost)  
  129  13:46  Zealot x3  
  115  13:48  Disruptor (Chrono Boost)  
  115  13:53  Disruptor (Chrono Boost)  
  118  14:02  Probe  
  113  14:05  Stalker x3  
  113  14:08  Stalker x2  
  122  14:12  Disruptor (Chrono Boost)  
  125  14:21  Disruptor (Chrono Boost), Stalker x2  
  132  14:30  Stalker x3  
  133  14:40  Zealot x5  
  133  14:43  Disruptor  
  134  14:49  Zealot x2  
Show
View Real Time Build Order
Export as new Build Order

Astrea Protoss - Winner!

Build Orders: Oracle Opening, Blink Stalkers 

Get SALT Encoding   

  12  0:00  Probe  
  13  0:12  Probe  
  14  0:17  Pylon  
  14  0:24  Probe (Chrono Boost)  
  15  0:36  Probe (Chrono Boost)  
  15  0:38  Gateway  
  16  0:45  Probe (Chrono Boost)  
  16  0:46  Assimilator  
  17  0:51  Probe  
  18  1:03  Probe  
  19  1:15  Probe (Chrono Boost)  
  19  1:16  Pylon  
  19  1:18  Assimilator  
  20  1:25  Probe (Chrono Boost)  
  21  1:27  Cybernetics Core  
  21  1:30  Probe (Chrono Boost)  
  24  1:41  Probe  
  25  1:53  Probe  
  26  2:01  Nexus  
  24  2:05  Probe  
  25  2:12  Stargate  
  25  2:18  Probe  
  26  2:23  Stalker  
  26  2:27  Warp Gate  
  28  2:30  Probe  
  29  2:38  Pylon  
  29  2:42  Probe  
  30  2:49  Shield Battery  
  29  2:53  Oracle (Chrono Boost)  
  32  2:58  Probe  
  33  3:10  Probe  
  33  3:12  Twilight Council  
  34  3:14  Probe  
  35  3:22  Probe  
  35  3:23  Stalker  
  39  3:27  Probe  
  39  3:35  Probe  
  39  3:37  Gateway  
  39  3:39  Probe  
  41  3:42  Blink (Chrono Boost)  
  41  3:47  Probe  
  42  3:51  Probe  
  43  3:56  Gateway  
  43  3:59  Probe  
  44  4:03  Probe  
  44  4:08  Gateway  
  45  4:11  Probe  
  45  4:15  Probe  
  47  4:20  Stalker  
  47  4:23  Probe, Assimilator  
  50  4:25  Pylon  
  50  4:29  Probe  
  50  4:30  Dark Shrine  
  51  4:34  Stalker  
  51  4:38  Probe  
  54  4:44  Stalker  
  56  4:46  Shield Battery  
  56  4:47  Pylon  
  56  4:52  Stalker  
  57  4:53  Probe  
  57  4:57  Stalker  
  60  5:02  Pylon  
  60  5:05  Stalker  
  62  5:10  Stalker  
  64  5:16  Probe x2  
  64  5:20  Pylon  
  66  5:28  Probe x2  
  68  5:31  Pylon  
  68  5:38  Nexus  
  68  5:42  Dark Templar  
  70  5:43  Dark Templar  
  70  5:45  Probe  
  70  5:48  Probe  
  74  5:59  Probe (Chrono Boost)  
  74  6:00  Stalker  
  76  6:04  Probe (Chrono Boost)  
  76  6:11  Probe (Chrono Boost), Pylon  
  77  6:15  Probe (Chrono Boost)  
  79  6:18  Probe (Chrono Boost), Stalker x2  
  79  6:19  Stalker  
  79  6:20  Probe (Chrono Boost)  
  79  6:22  Forge  
  79  6:24  Charge  
  86  6:29  Probe (Chrono Boost)  
  86  6:30  Probe (Chrono Boost)  
  88  6:38  Pylon  
  88  6:39  Probe (Chrono Boost)  
  89  6:40  Gateway  
  89  6:41  Gateway  
  89  6:42  Probe (Chrono Boost)  
  90  6:48  Shield Battery  
  90  6:50  Protoss Ground Weapons Level 1 (Chrono Boost), Gateway  
  90  6:51  Probe  
  90  6:53  Gateway  
  91  7:01  Robotics Facility  
  89  7:09  Stalker x3  
  89  7:12  Probe  
  92  7:18  Probe  
  93  7:28  Probe  
  94  7:30  Nexus, Assimilator  
  94  7:34  Pylon  
  94  7:35  Stalker x3  
  100  7:40  Probe, Pylon  
  101  7:47  Probe  
  102  7:54  Probe x2  
  102  7:56  Stalker x5  
  112  8:06  Probe  
  112  8:08  Zealot x3  
  117  8:15  Probe  
  117  8:19  Zealot x3  
  114  8:20  Zealot x2  
  114  8:23  Probe x2  
  120  8:28  Probe  
  120  8:30  Adept, Shadow Stride (Chrono Boost)  
  120  8:33  Photon Cannon  
  123  8:35  Probe, Photon Cannon  
  123  8:36  Shield Battery, Probe  
  125  8:42  Protoss Ground Weapons Level 2 (Chrono Boost)  
  125  8:46  Zealot x5  
  125  8:47  Zealot x2  
  139  8:57  Observer (Chrono Boost)  
  139  8:59  Nexus  
  139  9:02  Pylon  
  140  9:04  Probe x3  
  140  9:08  Assimilator  
  143  9:10  Observer (Chrono Boost)  
  143  9:11  Probe  
  145  9:17  Assimilator  
  145  9:21  Photon Cannon  
  145  9:23  Probe x2  
  147  9:24  Pylon x2  
  147  9:26  Photon Cannon, Pylon  
  147  9:29  Probe  
  147  9:31  Probe  
  149  9:40  Probe  
  149  9:41  Observer  
  149  9:44  Stalker  
  149  9:45  Stalker x7  
  167  9:47  Probe x3  
  170  9:52  Photon Cannon  
  170  9:54  Pylon  
  170  9:55  Shield Battery, Pylon  
  168  10:04  Probe  
  167  10:09  Gateway  
  167  10:10  Gateway  
  164  10:16  Dark Templar x4  
  164  10:17  Dark Templar, Gateway  
  164  10:18  Gateway  
  164  10:21  Dark Templar x2  
  178  10:32  Gateway  
  178  10:36  Gateway  
  178  10:41  Robotics Facility, Robotics Bay  
  178  10:44  Robotics Facility  
  178  10:45  Zealot  
  178  10:49  Zealot x4  
  188  10:55  Zealot x3  
  194  11:02  Protoss Ground Weapons Level 3 (Chrono Boost)  
  190  11:15  Photon Cannon  
  190  11:16  Photon Cannon  
  190  11:18  Photon Cannon x2  
  190  11:29  Disruptor (Chrono Boost)  
  194  11:34  Disruptor (Chrono Boost)  
  194  11:36  Disruptor (Chrono Boost), Nexus  
  194  11:39  Pylon  
  193  11:48  Gravitic Boosters  
  193  11:52  Zealot x14  
  197  12:02  Disruptor x2  
  163  12:20  Zealot x14  
  185  12:24  Photon Cannon, Probe x2  
  185  12:25  Probe x3  
  185  12:26  Photon Cannon  
  185  12:27  Photon Cannon  
  185  12:28  Shield Battery  
  190  12:31  Pylon  
  190  12:33  Disruptor  
  190  12:36  Probe  
  194  12:39  Disruptor x2  
  198  13:04  Observer  
  196  13:09  Warp Prism  
  196  13:11  Observer  
  174  13:20  Zealot  
  174  13:21  Zealot x11  
  170  13:38  Zealot x2, Observer  
  170  13:39  Disruptor, Warp Prism  
  175  13:45  Stalker x2  
  175  13:46  Stalker x10  
  195  13:52  Disruptor  
  186  14:00  Stalker x2  
  190  14:11  Stalker  
  190  14:12  Stalker x4  
  194  14:41  Zealot x3  
  200  14:50  Zealot x2  
  190  14:54  Zealot x7  
Tags
 
Add a new tag
Caveats
  • Supply blocks, unpowered buildings, or Contaminate may cause inaccurate times.
  • Supply counts are checked every 10 seconds.